 Dungeon Crawl Stone Soup version 0.27-a0-1049-g450f9b2e0d (webtiles) character file.

Game seed: 5660041903227699639

63 funkygono the Firebug (level 4, -2/24 HPs)
             Began as a Gargoyle Fire Elementalist on Apr 21, 2021.
             Slain by a river rat (8 damage)
             ... in a sewer.
             The game lasted 00:04:41 (2632 turns).

funkygono the Firebug (Gargoyle Fire Elementalist)  Turns: 2632, Time: 00:04:41

Health: -2/24      AC:  5    Str: 11    XL:     4   Next: 9%
Magic:  4/7        EV: 12    Int: 17    God:
Gold:   63         SH:  0    Dex: 10    Spells: 4/8 levels left

rFire    . . .     SeeInvis .   i - +0 club
rCold    . . .     Faith    .   (no shield)
rNeg     + . .     Spirit   .   a - +0 robe
rPois    ∞         Reflect  .   (no helmet)
rElec    +         Harm     .   (no cloak)
rCorr    .         Rampage  .   (no gloves)
Will     .....                  (no boots)
Stlth    ++........             (no amulet)
HPRegen  0.08/turn              (no ring)
MPRegen  0.10/turn              (no ring)

@: no status effects
A: AC +3, negative energy resistance 1, electricity resistance, torment
resistance 1, unbreathing 1, petrification resistance
a: no special abilities


You were in a sewer.
You visited 1 branch of the dungeon, and saw 3 of its levels.
You also visited: Sewer.

You collected 63 gold pieces.

Inventory:

Hand Weapons
 i - a +0 club (weapon)
Missiles
 g - 25 stones
Armour
 a - a +0 robe (worn)
 f - a +0 ring mail
Jewellery
 b - an amulet of guardian spirit
Wands
 j - a wand of mindburst (12)
Scrolls
 k - a scroll of enchant armour {unknown}
 l - 2 scrolls of identify
Potions
 c - 3 potions of lignification
 d - a potion of resistance
 e - a potion of haste
 h - a potion of heal wounds


   Skills:
 + Level 1.6 Dodging
 - Level 2.1 Stealth
 * Level 2.6 Spellcasting
 * Level 2.1 Conjurations
 * Level 4.0 Fire Magic


You had 4 spell levels left.
You knew the following spells:

 Your Spells              Type           Power      Damage    Failure   Level
a - Foxfire               Conj/Fire      48%        2x1d6     4%          1
b - Conjure Flame         Conj/Fire      12%        6-21      16%         3

Your spell library contained the following spells:

 Spells                   Type           Power      Damage    Failure   Level
 Inner Flame              Hex/Fire       9%         N/A       24%         3
 Sticky Flame             Conj/Fire      12%        2d4       45%         4
 Fireball                 Conj/Fire      6%         3d5       80%         5


Dungeon Overview and Level Annotations

Branches:
Dungeon (3/15)              Sewer (1/1)

Altars:
Cheibriados


Innate Abilities, Weirdness & Mutations

Your stone body is resilient. (AC +3)
You are immune to poison.
You resist negative energy. (rN+)
You are resistant to electric shocks. (rElec)
You are resistant to unholy torment.
You can survive without breathing.
You are immune to petrification.


Message History

The river rat is severely wounded.
The river rat bites you but does no damage.
The river rat bites you!
* * * LOW HITPOINT WARNING * * *
It was a potion of heal wounds.
You feel much better. The river rat closely misses you.
The river rat bites you.
Unknown command.
You barely miss the river rat.
The river rat is severely wounded.
The river rat bites you.
The river rat bites you but does no damage.
The river rat closely misses you.
You closely miss the river rat.
The river rat is severely wounded.
The river rat bites you. x2; The river rat closely misses you.
You barely miss the river rat.
The river rat is severely wounded.
The river rat misses you. The river rat barely misses you.
You hit the river rat but do no damage.
The river rat is severely wounded.
The river rat barely misses you. The river rat closely misses you.
You barely miss the river rat.
The river rat is severely wounded.
The river rat bites you. x2; The river rat misses you.
The river rat barely misses you.
You hit the river rat.
The river rat is severely wounded.
The river rat closely misses you.
The river rat bites you but does no damage.
You hit the river rat.
The river rat is almost dead.
The river rat bites you.
* * * LOW HITPOINT WARNING * * *
The river rat barely misses you.
You hit the river rat but do no damage.
The river rat is almost dead.
The river rat barely misses you. The river rat misses you.
The river rat bites you but does no damage.
The river rat bites you!
You die... ############### #....rr@r.†...≈ ###############

You could see 2 river rats and a rat.

Vanquished Creatures
  A worm (D:3)
  2 dart slugs (D:1)
  7 ball pythons
  6 endoplasms (D:1)
  2 giant cockroaches (D:1)
  6 goblins
  2 quokkas
  10 bats
  2 frilled lizards (D:2)
  7 kobolds
  9 rats
54 creatures vanquished.

Vanquished Creatures (others)
  138 foxfires
138 creatures vanquished.

Grand Total: 192 creatures vanquished

Notes
Turn   | Place    | Note
-------+----------+-------------------------------------------
     0 | D:1      | funkygono the Gargoyle Fire Elementalist began the quest
                  | for the Orb.
     0 | D:1      | Reached XP level 1. HP: 10/10 MP: 3/3
   124 | D:1      | Reached XP level 2. HP: 15/15 MP: 0/5
   833 | D:1      | Reached XP level 3. HP: 19/19 MP: 1/6
  1419 | D:1      | Found a faded altar of an unknown god.
  1560 | D:2      | Learned a level 3 spell: Conjure Flame
  2277 | D:2      | Reached skill level 4 in Fire Magic
  2384 | D:3      | Found a snail-covered altar of Cheibriados.
  2392 | D:3      | Reached XP level 4. HP: 24/24 MP: 2/7
  2594 | D:3      | Found a glowing drain.
  2610 | Sewer    | Entered a sewer
  2632 | Sewer    | Slain by a river rat

Illustrated notes

Levels and vault maps discovered:
D:1:      dpeg_arrival_shrine, layout_basic,
          shapermc_ecumenical_altar_mp_vishouse
D:2:      layout_loops_cross
D:3:      layout_basic, lemuel_crystal_altar, cheibrodos_sewer_entry_sluice
Sewer:    sewer_kobolds

Skill      XL: |  1  2  3 |
---------------+----------+-----
Fire Magic     | 4 |  4.0
Conjurations   | 2 |  2.1
Dodging        | |  1.6
Stealth        | |  2.1
Spellcasting   | |  2.6

Action                   |  1- 3 |  4- 6 || total
-------------------------+-------+-------++-------
Melee: Unarmed           |     4 |       ||     4
       Club              |     5 |    16 ||    21
 Cast: Foxfire           |    77 |     9 ||    86
  Use: Scroll            |     5 |       ||     5
       Potion            |       |     1 ||     1
Armor: Robe              |     5 |     9 ||    14
Dodge: Dodged            |    13 |    22 ||    35

Table legend: (Time is in decaauts)
 A = Elapsed time spent in this place.
 B = Non-inter-level travel time spent in this place.
 C = Inter-level travel time spent in this place.
 D = Time resting spent in this place.
 E = Time spent auto-exploring this place.
 F = Levels seen in this place.
 G = Mean time per level.
                   A        B        C        D        E       F      G
               +--------+--------+--------+--------+--------+-----+--------+
         Total |   2642 |   2579 |     63 |     41 |   2155 |   4 |  660.5 |
       Dungeon |   2616 |   2553 |     63 |     41 |   2155 |   3 |  872.0 |
         Sewer |     25 |     25 |      0 |      0 |      0 |   1 |   25.0 |
               +--------+--------+--------+--------+--------+-----+--------+

Top non-repeatable levels by time:
     D:1: 1555 daAuts
     D:2: 790 daAuts
     D:3: 271 daAuts
   Sewer: 25 daAuts
